 Dungeon Sprint DCSS version 0.20.1-1-g8b1a95d (webtiles) character file.

137 suicidejoker the Covert (level 5, -1/38 HPs)
             Began as an Octopode Assassin on Aug 24, 2017.
             Slain by a hellwing (12 damage)
             ... summoned by a deep elf mage
             ... in the Dungeon (Sprint III: "The Ten Rune Challenge").
             The game lasted 00:00:56 (274 turns).

suicidejoker the Covert (Octopode Assassin)          Turns: 274, Time: 00:00:57

Health: -1/38      AC:  1    Str: 12    XL:     5   Next: 20%
Magic:  5/5        EV: 14    Int: 13    God:
Gold:   13         SH:  0    Dex: 13    Spells: 4/4 levels left

rFire    . . .     SeeInvis .   a - +2 dagger
rCold    . . .     Gourm    .   (no shield)
rNeg     . . .     Faith    .   (helmet restricted)
rPois    .         Spirit   .   (no amulet)
rElec    .         Reflect  .   (no ring)
rCorr    .         Harm     .   (no ring)
MR       .....     NoTele   +   (no ring)
Stlth    +++++.....             (no ring)
Regen    0.2/turn               (no ring)
MPRegen  0.1/turn               (no ring)
                                (no ring)
                                (no ring)

@: drained
A: almost no armour, stealthy swim, amphibious, 8 rings, constrict 8, camouflage
1, gelatinous body 1
a: no special abilities


You were in the Dungeon.
You were not hungry.

You visited 1 branch You collected 13 gold pieces.

Inventory:

Hand Weapons
 a - a +2 dagger (weapon)
 b - a +0 blowgun
Missiles
 c - 8 poisoned needles
 d - 2 curare-tipped needles
 l - 3 needles of confusion
Scrolls
 k - 2 scrolls of blinking
 n - 2 scrolls of holy word {unknown}
 o - 2 scrolls of remove curse {unknown}
 r - a scroll of identify {unknown}
Potions
 e - a potion of curing
 g - a potion of heal wounds
 h - a potion of haste
 i - 2 potions of magic
 j - a potion of berserk rage
 m - 3 potions of mutation {unknown}
 q - 2 potions of flight {unknown}
 t - a potion of lignification {unknown}
Comestibles
 f - a bread ration
 p - a royal jelly
 s - a meat ration


   Skills:
 + Level 4.5(3.9) Fighting
 * Level 6.0(5.4) Short Blades
 - Level 2.0(1.4) Throwing
 + Level 3.9(3.3) Dodging
 * Level 9.7(9.0) Stealth


You had 4 spell levels left.
You didn't know any spells.

Dungeon Overview and Level Annotations

Branches:
Dungeon (1/1)

Altars:
Elyvilon
Zin
The Shining One


Innate Abilities, Weirdness & Mutations

You cannot wear most types of armour.
You are very stealthy in the water. (Stealth+)
You are amphibious.
You can wear up to eight rings at the same time.
You can use your tentacles to constrict eight enemies at once.
Your skin changes colour to match your surroundings (Stealth+).
Your rubbery body absorbs attacks. (AC +1, EV +1)


Message History

You hit the deep elf mage. You squeeze the deep elf mage.
The deep elf mage is moderately wounded.
You constrict the deep elf mage.
The deep elf mage gestures at you while chanting.
The bolt of negative energy hits you!
You feel drained.
Ouch! That really hurt!
* * * LOW HITPOINT WARNING * * *
You hit the deep elf mage.
The deep elf mage is heavily wounded.
You constrict the deep elf mage.
You hit the deep elf mage but do no damage.
The deep elf mage is heavily wounded.
You constrict the deep elf mage.
The deep elf mage drinks a potion.
The deep elf mage is healed!
You hit the deep elf mage.
The deep elf mage is heavily wounded.
You constrict the deep elf mage.
The deep elf mage hits you but does no damage.
The hellwing hits you!
You die...

▓▓▓▓▓▓▓ ▓▓▓ .'....♣♣
♣.##### .#..)..♣♣
♣.#___# ##......♣
♣.#.e4#
.#....≈.♣♣♣♣.###@#+###+
.#...≈≈...♣..#..........
.#..≈≈≈≈♣.♣♣.'.⌠........
'#..≈≈≈≈≈≈♣♣.#...######+
.#.≈≈≈≈≈≈....#.⌠.#
.#.≈≈≈≈≈.....#...#
.#.≈≈≈.......#+###
##...........#
.............#


You could see a hellwing and a deep elf mage.

Vanquished Creatures
  A water elemental (D)
  Crazy Yiuf (D)
  Jessica (D)
  A human (D)
  2 oozes (D)
6 creatures vanquished.

Vanquished Creatures (others)
  2 draconian scorchers (D)
  6 hellions (D)
  A yaktaur (D)
9 creatures vanquished.

Grand Total: 15 creatures vanquished

Notes
Turn   | Place    | Note
-------+----------+-------------------------------------------
     0 | D        | suicidejoker the Octopode Assassin began the quest for the Orb.
     0 | D        | Reached XP level 1. HP: 14/14 MP: 1/1
     8 | D        | Reached skill level 6 in Stealth
     8 | D        | Reached XP level 2. HP: 20/20 MP: 2/2
    15 | D        | Noticed Jessica
    24 | D        | Killed Jessica
    24 | D        | Reached skill level 7 in Stealth
    24 | D        | Reached XP level 3. HP: 12/26 MP: 3/3
   112 | D        | Killed a yaktaur
   122 | D        | Killed a hellion
   138 | D        | Killed a hellion
   138 | D        | Killed a hellion
   139 | D        | Killed a hellion
   162 | D        | Killed a hellion
   187 | D        | Killed a hellion
   196 | D        | Killed a white draconian scorcher
   211 | D        | Killed a white draconian scorcher
   221 | D        | Noticed Crazy Yiuf
   228 | D        | Killed Crazy Yiuf
   228 | D        | Reached skill level 5 in Short Blades
   228 | D        | Reached skill level 8 in Stealth
   228 | D        | Reached XP level 4. HP: 33/33 MP: 4/4
   262 | D        | Noticed a water elemental
   265 | D        | Killed a water elemental
   265 | D        | Reached skill level 9 in Stealth
   265 | D        | Reached XP level 5. HP: 38/38 MP: 5/5
   267 | D        | Found a glowing silver altar of Zin.
   268 | D        | Found a glowing golden altar of the Shining One.
   268 | D        | Found a white marble altar of Elyvilon.
   268 | D        | Noticed a deep elf mage
   271 | D        | Noticed a hellwing
   274 | D        | Slain by a hellwing

Skill      XL: |  1  2  3  4 |
---------------+-------------+-----
Short Blades   | 3 4 5 6 |  6.0
Stealth        | 6 7 8 9 |  9.7
Fighting       | 3 4 |  4.5
Dodging        | 2 3 |  3.9
Throwing       | |  2.0

Action                   |  1- 3 |  4- 6 || total
-------------------------+-------+-------++-------
Melee: Dagger            |     9 |     7 ||    16
       Constrict         |     1 |     1 ||     2
       Tentacles         |     1 |     1 ||     2
 Stab: Sleeping          |     4 |     1 ||     5
Dodge: Dodged            |     3 |       ||     3
